details: 'idiots2'

« prev index next »

General information

Mini Map

Players

team 1
Random» UndeadGayTiMe.WeRRa (pink | 123 APM | 2139 actions | 17:23)
Hero icon 5 Death Knight
Ability icon 3 Death Coil
Ability icon 2 Unholy Aura
Hero icon 4 Lich
Ability icon 2 Frost Nova
Ability icon 2 Frost Armor
Hero icon 1 Crypt Lord
Ability icon 1 Impale

» actions
Assign group hotkey21
Basic commands127
Build / train52
ESC pressed1
Enter build submenu12
Enter hero's abilities submenu11
Right click937
Select / deselect526
Select group hotkey327
Use ability125
2139 total
» units
Acolyte3
Ghoul5
Crypt Fiend12
Frost Wyrm3
23 total
» upgrades
Creature Attack3
Creature Carapace1
Burrow1
Web1
6 total
» buildings
Crypt1
Graveyard1
Altar of Darkness1
Ziggurat5
Tomb of Relics2
Nerubian Tower1
Halls of the Dead1
Spirit Tower1
Sacrificial Pit1
Black Citadel1
Boneyard1
16 total
» build order
00:06 Crypt
00:19 Graveyard
00:41 Altar of Darkness
00:58 Ziggurat
01:26 Tomb of Relics
02:10 Ziggurat
02:12 Nerubian Tower
04:21 Halls of the Dead
04:54 Ziggurat
06:37 Ziggurat
06:53 Spirit Tower
07:43 Tomb of Relics
08:16 Sacrificial Pit
09:14 Black Citadel
10:45 Ziggurat
11:35 Boneyard
» items
Rod of Necromancy1
Potion of Healing1
Potion of Mana1
Scroll of Town Portal1
Orb of Corruption1
5 total
team 2
Humanldms020255 (yellow | 171 APM | 2968 actions | 17:20)
Hero icon 4 Archmage
Ability icon 2 Summon Water Elemental
Ability icon 2 Brilliance Aura
Hero icon 1 Mountain King
Ability icon 1 Storm Bolt

» actions
Assign group hotkey59
Basic commands198
Build / train84
ESC pressed9
Enter build submenu32
Enter hero's abilities submenu6
Give item / drop item1
Right click923
Select / deselect503
Select group hotkey1011
Use ability142
2968 total
» units
Peasant20
Footman16
Spell Breaker10
Gryphon Rider1
Dragonhawk Rider1
48 total
» upgrades
Defend1
Masonry2
Storm Hammers1
4 total
» buildings
Altar of Kings1
Farm8
Barracks1
Lumber Mill1
Town Hall1
Scout Tower10
Arcane Tower2
Arcane Vault3
Keep2
Guard Tower7
Arcane Sanctum3
Castle1
Blacksmith1
Gryphon Aviary2
43 total
» build order
00:05 Altar of Kings
00:17 Farm
00:19 Barracks
00:47 Farm
01:54 Farm
02:25 Farm
03:13 Lumber Mill
04:03 Town Hall
04:08 Scout Tower
05:01 Arcane Tower
05:18 Scout Tower
05:19 Scout Tower
05:24 Scout Tower
05:40 Arcane Vault
06:08 Keep
06:09 Keep
06:10 Arcane Tower
06:11 Scout Tower
06:12 Guard Tower
06:13 Scout Tower
07:48 Guard Tower
08:01 Guard Tower
08:03 Scout Tower
08:05 Scout Tower
09:04 Scout Tower
09:15 Guard Tower
09:44 Guard Tower
09:52 Arcane Sanctum
09:53 Arcane Sanctum
10:09 Arcane Sanctum
11:34 Scout Tower
11:37 Castle
12:24 Guard Tower
12:27 Arcane Vault
12:35 Arcane Vault
13:55 Farm
13:57 Farm
13:58 Blacksmith
14:01 Gryphon Aviary
14:02 Gryphon Aviary
14:05 Guard Tower
14:09 Farm
14:13 Farm
» items
Scroll of Regeneration4
Lesser Clarity Potion1
Ivory Tower4
Potion of Healing2
11 total